 Dungeon Crawl Stone Soup version 0.28.0 (webtiles) character file.

Game seed: 2601187826181446108

157 mortz the Conjurer (level 5, -2/38 HPs)
             Began as a Draconian Conjurer on Feb 18, 2022.
             Slain by a gnoll (4 damage)
             ... on level 3 of the Dungeon.
             The game lasted 00:19:19 (3928 turns).

mortz the Conjurer (Draconian Conjurer)             Turns: 3928, Time: 00:19:20

Health: -2/38      AC:  5    Str: 10    XL:     5   Next: 15%
Magic:  0/9        EV: 12    Int: 20    God:
Gold:   96         SH:  0    Dex:  9    Spells: 6/9 levels left

rFire   . . .      SeeInvis .   j - +2 short sword (speed)
rCold   . . .      Faith    .   (no shield)
rNeg    . . .      Spirit   .   (armour unavailable)
rPois   .          Reflect  .   (helmet restricted)
rElec   .          Harm     .   (no cloak)
rCorr   .          Rampage  .   (no gloves)
Will    .....                   (no boots)
Stlth   ++........              (no amulet)
HPRegen 0.12/turn               (no ring)
MPRegen 0.11/turn               (no ring)

@: no status effects
A: AC +5, unfitting armour, cold-blooded
a: no special abilities


You were on level 3 of the Dungeon.
You visited 1 branch of the dungeon, and saw 3 of its levels.

You collected 96 gold pieces.

Inventory:

Hand Weapons
 a - a +0 dagger
 f - a +0 spear of venom
 j - a +2 short sword of speed (weapon)
Scrolls
 b - a scroll of vulnerability {unknown}
 d - a scroll of brand weapon {unknown}
 e - 2 scrolls of enchant weapon {unknown}
 i - 3 scrolls of identify {unknown}
 k - a scroll of teleportation {unknown}
Potions
 c - a potion of heal wounds {unknown}
 g - 2 potions of curing {unknown}
 h - a potion of haste {unknown}


   Skills:
 + Level 2.1 Dodging
 + Level 2.2 Stealth
 + Level 0.2 Unarmed Combat
 + Level 2.9 Spellcasting
 + Level 5.6 Conjurations


You had 6 spell levels left.
You knew the following spells:

 Your Spells              Type           Power      Damage    Failure   Level
a - Magic Dart            Conj           100%       1d8       1%          1
b - Searing Ray           Conj           50%        2d6       2%          2

Your spell library contained the following spells:

 Spells                   Type           Power      Damage    Failure   Level
 Dazzling Flash           Conj/Hex       28%        N/A       14%         3
 Fulminant Prism          Conj/Hex       7%         3d7       41%         4
 Iskenderun's Mystic Bla  Conj/Tloc      14%        2d5       41%         4


Dungeon Overview and Level Annotations

Branches:
Dungeon (3/15)

Altars:
Ashenzari

Annotations:
D:3 2 runed translucent doors, Hubris850's ghost, weakling MfTm


Innate Abilities, Weirdness & Mutations

Your plain brown scales are hard. (AC +5)
You cannot fit into any form of body armour.
You are cold-blooded and may be slowed by cold attacks.


Message History

The gnoll shaman calls upon its god to speed up the gnoll.
The gnoll seems to speed up.
The gnoll shaman prays to its god.
The gnoll shaman is healed somewhat.
Your magical contamination has completely faded away.
The gnoll closely misses you. The gnoll barely misses you.
The gnoll barely misses you. The gnoll hits you but does no damage.
The gnoll closely misses you.
Casting: Searing Ray (safe; 2% risk of failure)
Confirm with . or Enter, or press ? or * to list all spells.
Aiming: Searing Ray (safe; 2% risk of failure)
Press: ? - help, Shift-Dir - straight line, f - gnoll
Aim: a gnoll, wielding a +0 spear (lightly wounded, fast, 82% to hit)
The searing ray hits the gnoll!
The gnoll is severely wounded. (Press . to maintain the ray.)
The gnoll barely misses you.
The gnoll hits you from afar with a +0 spear.
The searing ray misses the gnoll.
The searing ray hits the goblin!
You kill the goblin!
The gnoll closely misses you.
The gnoll hits you from afar with a +0 spear.
The gnoll hits you from afar with a +0 spear.
The gnoll hits you from afar with a +0 spear!
* * * LOW HITPOINT WARNING * * *
The gnoll barely misses you. The gnoll completely misses you.
The gnoll hits you from afar with a +0 spear.
* * * LOW HITPOINT WARNING * * *
Casting: Searing Ray (safe; 2% risk of failure)
Confirm with . or Enter, or press ? or * to list all spells.
Aiming: Searing Ray (safe; 2% risk of failure)
Press: ? - help, Shift-Dir - straight line, f/p - gnoll
Aim: a gnoll, wielding a +0 spear (heavily wounded, fast, 82% to hit)
The searing ray misses the gnoll. (Press . to maintain the ray.)
The gnoll hits you from afar with a +0 spear.
You die...

......'...# #.....##.##....
......#.).# #.....##.##.##.
##... ##g## #.....##.##.##.
...# #.# #.....##.....#.
########.# #.....#####..#.
......g.#####.##g#####..#.
.......g.g....##..g..g..#.
##########################...
#...........@.g.g.g..........
#.#########################.≈
#.# #...................≈ #.#
#.################..≈ #.# #.#
#... #.# #.# #... #.# #.#
#### #.#######.# #.........#


You could see a gnoll shaman and 2 gnolls.

Vanquished Creatures
  An orc wizard (D:3)
  2 gnolls (D:3)
  3 adders (D:2)
  A worm (D:2)
  2 dart slugs (D:1)
  3 orcs (D:3)
  9 bats
  7 endoplasms
  2 giant cockroaches (D:1)
  5 goblins
  5 hobgoblins
  4 jackals
  A quokka (D:2)
  5 ball pythons
  5 frilled lizards
  10 kobolds
  8 rats
73 creatures vanquished.

Vanquished Creatures (others)
  2 fungi (D:1)
2 creatures vanquished.

Grand Total: 75 creatures vanquished

Notes
Turn   | Place    | Note
-------+----------+-------------------------------------------
     0 | D:1      | mortz the Draconian Conjurer began the quest for the Orb.
     0 | D:1      | Reached XP level 1. HP: 14/14 MP: 3/3
   485 | D:1      | Reached XP level 2. HP: 20/20 MP: 0/5
   608 | D:1      | Learned a level 2 spell: Searing Ray
   961 | D:1      | Found a faded altar of an unknown god.
  1182 | D:1      | Reached XP level 3. HP: 26/26 MP: 3/6
  2081 | D:2      | Reached skill level 5 in Conjurations
  2149 | D:2      | Reached XP level 4. HP: 33/33 MP: 3/7
  3729 | D:3      | Found a large runed translucent door.
  3729 | D:3      | Found a large runed translucent door.
  3731 | D:3      | Noticed Hubris850's ghost (weakling MfTm)
  3762 | D:3      | Found a broken altar of Ashenzari.
  3893 | D:3      | Reached XP level 5. HP: 31/38 MP: 4/9
  3928 | D:3      | Slain by a gnoll

Illustrated notes

Levels and vault maps discovered:
D:1:      minmay_arrival_four_houses, layout_basic,
          shapermc_ecumenical_altar_hornbeckon, minmay_misc_feat_nine_boxes
D:2:      layout_rooms
D:3:      layout_basic, mainiacjoe_overflow_catwalk,
          ebering_ghost_disaster_area, kennysheep_generic_room_13

Skill      XL: |  1  2  3 |
---------------+----------+-----
Stealth        | 2 |  2.2
Dodging        | 2 |  2.1
Conjurations   | 5 |  5.6
Unarmed Combat | |  0.2
Spellcasting   | |  2.9

Action                   |  1- 3 |  4- 6 || total
-------------------------+-------+-------++-------
Melee: Unarmed           |     5 |       ||     5
       Tailslap          |     1 |       ||     1
 Cast: Magic Dart        |    64 |    36 ||   100
       Searing Ray       |    13 |    12 ||    25
Armor: Skin              |     7 |     5 ||    12
Dodge: Dodged            |    15 |    10 ||    25
